 Dungeon Crawl Stone Soup version 0.31-a0-538-gbc85326fa9 (webtiles) character file.

Game seed: 12148637636910341570

191 Mickster the Chopper (level 5, -11/48 HPs)
             Began as a Minotaur Berserker on Aug 13, 2023.
             Was a Believer of Trog.
             Mangled by a gnoll
             ... wielding a +0 halberd
              (15 damage)
             ... on level 3 of the Dungeon.
             The game lasted 00:17:19 (1580 turns).

Mickster the Chopper (Minotaur Berserker)           Turns: 1580, Time: 00:17:24

Health: -11/48     AC:  6    Str: 23    XL:     5   Next: 41%
Magic:  4/4        EV: 10    Int:  4    God:    Trog [**....]
Gold:   86         SH:  0    Dex: 10    Spells: 4/4 levels left

rFire   . . .        m - +0 war axe
rCold   . . .        (no shield)
rNeg    . . .        g - +0 scale mail
rPois   .            (helmet restricted)
rElec   .            (no cloak)
rCorr   .            (no gloves)
SInv    .            (no boots)
Will    .....        (no amulet) Stlth
                     (no ring)
HPRegen 0.28/turn    (no ring)
MPRegen 0.09/turn

%: no passive effects
@: on berserk cooldown, slowed, very slow
A: horns 2, retaliatory headbutt
a: Renounce Religion, Berserk, Trog's Hand


You were on level 3 of the Dungeon.
You worshipped Trog.
Trog was pleased with you.
You visited 1 branch of the dungeon, and saw 3 of its levels.

You collected 86 gold pieces.

Inventory:

Hand Weapons
 a - a +0 hand axe
 h - a +1 dagger of venom
 m - a +0 war axe (weapon)
Missiles
 c - 26 stones
 d - 5 poisoned darts (quivered)
Armour
 b - a +1 animal skin
 g - a +0 scale mail (worn)
 i - a +0 helmet
Jewellery
 e - a ring of fire
Scrolls
 k - a scroll of identify {unknown}
Potions
 f - 2 potions of attraction {unknown}
 j - a potion of invisibility {unknown}
 l - a potion of might {unknown}


   Skills:
 + Level 5.0 Fighting
 * Level 5.9 Axes
 + Level 3.0 Armour
 + Level 2.8 Dodging
 + Level 0.1 Stealth


You had 4 spell levels left.
You didn't know any spells.
Your spell library was empty.

Dungeon Overview and Level Annotations

Branches:
Dungeon (3/15)

Altars:

Shops:
D:1 *


Innate Abilities, Weirdness & Mutations

You have a pair of horns on your head.
You reflexively headbutt those who attack you in melee.


Message History

You feel the effects of Trog's Hand fading.
The gnoll closely misses you.
The gnoll hits you from afar with a +0 halberd!
You barely miss the goblin. Your headbutt misses the goblin.
You closely miss the gnoll. You barely miss the gnoll.
The goblin hits you but does no damage. The gnoll hits you with a +0 whip.
* * * LOW HITPOINT WARNING * * *
A gnoll comes into view. It is wielding a +0 spear.
The gnoll barely misses you. The gnoll closely misses you.
You hit the goblin.
You kill the goblin!
Trog accepts your kill.
You closely miss the gnoll. You slash the gnoll!
The gnoll hits you with a +0 whip. The gnoll completely misses you.
You slash the gnoll! You headbutt the gnoll!
You kill the gnoll!
Trog accepts your kill.
You barely miss the gnoll. The gnoll hits you but does no damage.
The gnoll barely misses you.
You slice the gnoll!!
You kill the gnoll!
Trog accepts your kill.
You can now call upon Trog for regeneration and willpower.
You are no longer berserk.
You are exhausted.
You feel yourself slow down. The gnoll barely misses you.
Your skin stops crawling.
You feel less strong-willed.
The gnoll hits you from afar with a +0 spear.
* * * LOW HITPOINT WARNING * * *
The gnoll completely misses you. The worm bites you!
* * * LOW HITPOINT WARNING * * *
You see here a +0 whip.
You slash the worm!
The worm is moderately wounded.
You hit the gnoll but do no damage. The gnoll closely misses you. x2
The worm closely misses you.
The gnoll hits you from afar with a +0 spear.
* * * LOW HITPOINT WARNING * * *
The gnoll hits you with a +0 halberd!
You die...

###### #....#
#####....#
#####........#########
......................
###.........#########
#.........#
#..)..##### #.@)..#
#.wg..# #.g.....#
#.######## #. #>## ..
...8# ... ....# ##.


You could see a worm and 2 gnolls.

Vanquished Creatures
  An orc priest (D:3)
  Jessica (D:2)
  Robin (D:2)
  2 gnolls (D:3)
  2 adders (D:2)
  2 worms (D:2)
  A dart slug (D:1)
  7 orcs (D:3)
  2 endoplasms
  A giant cockroach (D:1)
  16 goblins
  6 hobgoblins
  8 jackals (D:2)
  3 quokkas
  4 ball pythons
  2 bats
  A frilled lizard (D:3)
  3 kobolds
  4 rats
67 creatures vanquished.

Notes
Turn   | Place    | Note
-------+----------+-------------------------------------------
     0 | D:1      | Mickster the Minotaur Berserker began the quest for the
                  | Orb.
     0 | D:1      | Reached XP level 1. HP: 19/19 MP: 0/0
   315 | D:1      | Reached XP level 2. HP: 27/27 MP: 1/1
   432 | D:1      | Found Laileh's Assorted Antiques.
   673 | D:2      | Reached XP level 3. HP: 33/33 MP: 2/2
   747 | D:2      | Noticed Jessica
   755 | D:2      | Killed Jessica
   757 | D:2      | Reached XP level 4. HP: 41/41 MP: 3/3
   782 | D:2      | Noticed Robin
   785 | D:2      | Killed Robin
   799 | D:2      | Reached skill level 5 in Axes
  1195 | D:3      | Reached ** piety under Trog
  1211 | D:3      | Reached skill level 5 in Fighting
  1211 | D:3      | Reached XP level 5. HP: 45/48 MP: 4/4
  1580 | D:3      | Mangled by a gnoll

Illustrated notes

Levels and vault maps discovered:
D:1:      beargit_arrival_greenhouse, layout_loops_cross, serial_shops, shop
D:2:      layout_loops_ring, uniq_robin, uniq_jessica
D:3:      layout_basic, nicolae_overflow_hidden_temple, grunt_dithmenos_smoke,
          uniq_terence, uniq_crazy_yiuf_cottage

Skill      XL: |  1  2  3  4  5 |
---------------+----------------+-----
Fighting       | 4 5 |  5.0
Axes           | 4 5 |  5.9
Armour         | 3 |  3.0
Dodging        | |  2.8
Stealth        | |  0.1

Action                     |  1- 3 |  4- 6 || total
---------------------------+-------+-------++-------
  Melee: Hand axe          |    51 |    66 ||   117
         Headbutt          |     2 |     7 ||     9
         War axe           |       |     7 ||     7
 Invoke: Berserk           |     5 |     4 ||     9
         Trog's Hand       |       |     2 ||     2
    Use: Scroll            |     2 |     1 ||     3
 Armour: Animal skin       |     9 |       ||     9
         Scale mail        |     4 |    39 ||    43
  Dodge: Dodged            |    40 |    69 ||   109

Table legend: (Time is in decaauts)
 A = Elapsed time spent in this place.
 B = Non-inter-level travel time spent in this place.
 C = Inter-level travel time spent in this place.
 D = Time resting spent in this place.
 E = Time spent auto-exploring this place.
 F = Levels seen in this place.
 G = Mean time per level.
                   A        B        C        D        E       F      G
               +--------+--------+--------+--------+--------+-----+--------+
         Total |   1669 |   1536 |    133 |    156 |     12 |   3 |  556.3 |
       Dungeon |   1669 |   1536 |    133 |    156 |     12 |   3 |  556.3 |
               +--------+--------+--------+--------+--------+-----+--------+

Top non-repeatable levels by time:
     D:2: 630 daAuts
     D:1: 623 daAuts
     D:3: 415 daAuts
